 Dungeon Crawl Stone Soup version 0.21.1-1-g345015fe64 (webtiles) character file.

4715 Artool the Skirmisher (level 10, -4/71 HPs)
             Began as a Demonspawn Skald on June 28, 2018.
             Was a Follower of Hepliaklqana.
             Slain by a two-headed ogre
             ... wielding a +0 giant spiked club
              (17 damage)
             ... on level 8 of the Dungeon.
             The game lasted 00:41:56 (8032 turns).

Artool the Skirmisher (Demonspawn Skald)            Turns: 8032, Time: 00:41:57

Health: -4/71      AC:  8    Str: 12    XL:     10   Next: 22%
Magic:  6/17       EV: 14    Int: 14    God:    Hepliaklqana [*.....]
Gold:   312        SH:  0    Dex: 16    Spells: 7/18 levels left

rFire    + . .     SeeInvis .   q - +1 whip (freeze)
rCold    . . .     Gourm    .   (no shield)
rNeg     . . .     Faith    .   b - +0 leather armour
rPois    .         Spirit   .   (no helmet)
rElec    .         Reflect  .   t - +0 cloak
rCorr    .         Harm     .   (no gloves)
MR       .....                  (no boots)
Stlth    +.........             (no amulet)
HPRegen  0.21/turn              k - ring of flight
MPRegen  0.15/turn              (no ring)

@: no status effects
A: reduced essence, hooves 1, iridescent scales 2, fire resistance 1, spiny 2,
flame cloud immunity
a: Recall Ancestor, Ancestor Identity, Renounce Religion, Evoke Flight


You were on level 8 of the Dungeon.
You worshipped Hepliaklqana.
Hepliaklqana was aware of your devotion.
You were very hungry.

You visited 2 branches of the dungeon, and saw 9 of its levels.

You collected 312 gold pieces.

Inventory:

Hand Weapons
 a - a cursed +2 dire flail of crushing
 q - a +1 whip of freezing (weapon)
 x - a +3 flail of draining
Armour
 b - a +0 leather armour (worn)
 o - a +0 buckler
 t - a +0 cloak (worn)
Jewellery
 k - a ring of flight (left hand)
Wands
 r - a wand of flame (18)
 w - a wand of acid (12)
Scrolls
 f - 9 scrolls of teleportation
 g - 2 scrolls of random uselessness {unknown}
 h - a scroll of fear
 i - a scroll of noise {unknown}
 p - a scroll of vulnerability {unknown}
 u - a scroll of magic mapping {unknown}
 v - a scroll of brand weapon {unknown}
 y - a scroll of blinking {unknown}
Potions
 e - 4 potions of curing
 j - a potion of haste
 l - 2 potions of resistance
 m - 7 potions of heal wounds
 n - a potion of flight {unknown}
 s - a potion of agility {unknown}
 z - a potion of brilliance
 A - a potion of might {unknown}
 C - a potion of mutation {unknown}
Books
 c - a book of Battle

   Spells                             Type                      Level
   a - Infusion                       Charms                       1
   b - Shroud of Golubria             Charms/Translocation         2
   c - Song of Slaying                Charms                       2
   d - Spectral Weapon                Hexes/Charms                 3
   e - Regeneration                   Charms/Necromancy            3
 B - a book of Clouds

   Spells                             Type                      Level
   a - Poisonous Vapours              Poison/Air                   2
   b - Mephitic Cloud                 Conjuration/Poison/Air       3
   c - Conjure Flame                  Conjuration/Fire             3
   d - Freezing Cloud                 Conjuration/Ice/Air          6
   e - Ring of Flames                 Charms/Fire                  7
Comestibles
 d - 16 rations


   Skills:
 * Level 7.4 Fighting
 * Level 6.7 Maces & Flails
 + Level 4.3 Armour
 + Level 4.8 Dodging
 * Level 4.5 Shields
 + Level 4.9 Spellcasting
 + Level 5.3 Charms


You had 7 spell levels left.
You knew the following spells:

 Your Spells              Type           Power        Failure   Level  Hunger
a - Infusion              Chrm           ###.         2%          1    None
b - Song of Slaying       Chrm           ###.....     3%          2    ##.....
c - Shroud of Golubria    Chrm/Tloc      ##........   12%         2    ##.....
d - Spectral Weapon       Hex/Chrm       ##......     22%         3    ###....
e - Regeneration          Chrm/Necr      ##........   22%         3    ###....


Dungeon Overview and Level Annotations

Branches:
Dungeon (8/15)             Temple (1/1) D:6
   Lair: D:8-11

Altars:
Ashenzari
Cheibriados
Dithmenos
Elyvilon
Fedhas
Gozag
Hepliaklqana
Makhleb
Nemelex Xobeh
Okawaru
Qazlal
Ru
Sif Muna
Trog
Uskayaw
Vehumet
Wu Jian
Xom
Yredelemnul
Zin
The Shining One

Shops:
D:4 (   D:7 =

Annotations:
D:7 Kohma's ghost, novice MiFi


Innate Abilities, Weirdness & Mutations

You have large cloven feet.
You are mostly covered in iridescent scales. (AC +4)
Your flesh is heat resistant. (rF+)
You are mostly covered in sharp spines.
You are immune to clouds of flame.
Your life essence is reduced to manifest your ancestor. (-10% HP)


Message History

You hit the two-headed ogre. You freeze the two-headed ogre.
You kick the two-headed ogre, but do no damage.
The two-headed ogre is heavily wounded.
You are no longer magically infusing your attacks.
The two-headed ogre hits you with a giant spiked club!
The two-headed ogre hits you but does no damage.
Aahotepre barely misses the two-headed ogre.
You hit the two-headed ogre. You freeze the two-headed ogre.
The two-headed ogre is heavily wounded.
Aahotepre hits the two-headed ogre but does no damage.
You hit the two-headed ogre. You freeze the two-headed ogre.
The two-headed ogre is heavily wounded.
The two-headed ogre misses you.
The two-headed ogre hits you with a giant club!
* * * LOW HITPOINT WARNING * * *
Aahotepre hits the two-headed ogre.
You open the door.
Aahotepre completely misses the two-headed ogre.
The two-headed ogre hits you with a giant spiked club!
You die...

##.# #.# #### ######:###
..# #......#..
#.#######......+..
#.#..<.##......#.#
#.#....##...^..#.#
#.'....##......#.#
###....#.......'.#
.......#.......#@########
#...####.#####.RO........
#...#....# #.#!########
#...#.#### #.#.#
#...#'########.#!#
####...........#.#
####......######.#
..........# #..
..........# ###


You could see the friendly Aahotepre the ancestor and a two-headed ogre.

Vanquished Creatures
  A two-headed ogre (D:8)
  Pikel (D:5)
  A wyvern (D:8)
  Sigmund (D:5)
  5 yaks (D:4)
  2 ice beasts
  2 slaves (D:5)
  A hornet zombie (D:5)
  An orc warrior (D:7)
  A phantom (D:8)
  A black bear (D:7)
  3 sky beasts
  3 ogres
  2 centaurs (D:5)
  A bullfrog (D:8)
  A scorpion (D:4)
  8 wights
  4 crimson imps
  A bullfrog zombie (D:8)
  2 quasits
  3 orc priests
  A gnoll shaman (D:5)
  2 hounds
  Jessica (D:3)
  Terence (D:2)
  4 orc wizards
  A hound zombie (D:6)
  7 gnolls
  6 adders
  A shadow imp (D:5)
  An ooze (D:2)
  An adder skeleton (D:7)
  2 adder zombies
  4 worms
  4 dart slugs
  2 leopard geckos (D:1)
  22 orcs
  2 ball pythons
  5 giant cockroaches
  5 goblins
  8 hobgoblins
  10 jackals
  2 quokkas
  A ball python zombie (D:5)
  7 bats
  7 frilled lizards
  A jackal skeleton (D:4)
  5 kobolds
  5 rats
163 creatures vanquished.

Vanquished Creatures (collateral kills)
  A black bear (D:7)
  A hound (D:7)
  An orc (D:7)
3 creatures vanquished.

Grand Total: 166 creatures vanquished

Notes
Turn   | Place    | Note
-------+----------+-------------------------------------------
     0 | D:1      | Artool the Demonspawn Skald began the quest for the Orb.
     0 | D:1      | Reached XP level 1. HP: 16/16 MP: 3/3
   113 | D:1      | Reached skill level 1 in Armour
   451 | D:1      | Gained mutation: You are partially covered in iridescent scales. (AC +2) [demonic ancestry]
   451 | D:1      | Reached XP level 2. HP: 22/22 MP: 5/5
  1131 | D:1      | Gained mutation: You are partially covered in sharp spines. [demonic ancestry]
  1131 | D:1      | Reached XP level 3. HP: 28/28 MP: 6/6
  1281 | D:2      | Learned a level 2 spell: Song of Slaying
  1310 | D:2      | Noticed Terence
  1322 | D:2      | Killed Terence
  1449 | D:2      | Gained mutation: Your flesh is heat resistant. (rF+) [demonic ancestry]
  1449 | D:2      | Reached XP level 4. HP: 28/34 MP: 4/7
  1743 | D:2      | Learned a level 2 spell: Shroud of Golubria
  1929 | D:2      | Found a bloodstained altar of Trog.
  2324 | D:3      | Noticed Jessica
  2357 | D:3      | Killed Jessica
  2357 | D:3      | Gained mutation: You are mostly covered in iridescent scales. (AC +4) [demonic ancestry]
  2357 | D:3      | Reached XP level 5. HP: 34/40 MP: 3/8
  2375 | D:3      | Reached skill level 3 in Fighting
  2705 | D:3      | Found a sacrificial altar of Ru.
  2918 | D:4      | Noticed an ogre
  3004 | D:4      | Reached skill level 1 in Shields
  3076 | D:4      | Noticed a yak
  3078 | D:4      | Noticed a yak
  3100 | D:4      | Killed a yak
  3100 | D:4      | Gained mutation: You are mostly covered in sharp spines. [demonic ancestry]
  3100 | D:4      | Reached XP level 6. HP: 15/48 MP: 1/10
  3101 | D:4      | Killed a yak
  3101 | D:4      | Reached skill level 4 in Fighting
  3101 | D:4      | Gained mutation: You have large cloven feet. [demonic ancestry]
  3101 | D:4      | Reached XP level 7. HP: 17/54 MP: 1/11
  3102 | D:4      | Noticed a yak
  3104 | D:4      | Noticed a yak
  3106 | D:4      | Noticed a yak
  3311 | D:4      | Killed a yak
  3317 | D:4      | Killed a yak
  3321 | D:4      | Killed a yak
  3504 | D:4      | Gained mutation: You are immune to clouds of flame. [demonic ancestry]
  3504 | D:4      | Reached XP level 8. HP: 30/61 MP: 6/13
  3870 | D:4      | Reached skill level 5 in Fighting
  4054 | D:4      | Found Qafavvuc's Antique Weapon Shop.
  4642 | D:4      | Found a bloodstained altar of Trog.
  4642 | D:4      | Found a burning altar of Makhleb.
  4714 | D:5      | Entered Level 5 of the Dungeon
  4831 | D:5      | Reached skill level 5 in Maces & Flails
  5272 | D:5      | Reached XP level 9. HP: 63/69 MP: 11/15
  5383 | D:5      | Noticed Pikel
  5399 | D:5      | Killed Pikel
  5399 | D:5      | Reached skill level 6 in Fighting
  5484 | D:5      | Noticed Sigmund
  5497 | D:5      | Killed Sigmund
  6582 | D:6      | Found an opulent altar of Gozag.
  6628 | D:6      | Found a staircase to the Ecumenical Temple.
  6678 | Temple   | Entered the Ecumenical Temple
  6737 | Temple   | Became a worshipper of Hepliaklqana the Forgotten
  7180 | D:7      | Reached skill level 5 in Charms
  7203 | D:7      | Reached skill level 7 in Fighting
  7284 | D:7      | Found Paugisen's Jewellery Shoppe.
  7295 | D:7      | Reached * piety under Hepliaklqana
  7484 | D:7      | Noticed Kohma's ghost (novice MiFi)
  7499 | D:8      | Noticed a two-headed ogre
  7637 | D:8      | Reached XP level 10. HP: 52/71 MP: 17/17
  7673 | D:8      | Killed a two-headed ogre
  7909 | D:8      | Learned a level 3 spell: Spectral Weapon
  7913 | D:8      | Learned a level 3 spell: Regeneration
  8021 | D:8      | Noticed a two-headed ogre
  8032 | D:8      | Slain by a two-headed ogre

Skill      XL: |  1  2  3  4  5  6  7  8  9 |
---------------+----------------------------+-----
Armour         | 1 2 3 4 |  4.3
Maces & Flails | 2 3 4 5 6 |  6.7
Dodging        | 2 3 4 |  4.8
Charms         | 3 4 5 |  5.3
Fighting       | 3 4 5 7 |  7.4
Shields        | 1 2 3 4 |  4.5
Spellcasting   | 3 4 |  4.9

Action                   |  1- 3 |  4- 6 |  7- 9 | 10-12 || total
-------------------------+-------+-------+-------+-------++-------
Melee: Mace              |    97 |    75 |       |       ||   172
       Flail             |       |    23 |   134 |       ||   157
       Kick              |       |       |    78 |    12 ||    90
       Whip              |       |       |   127 |    22 ||   149
 Cast: Infusion          |     3 |    12 |    29 |     3 ||    47
       Shroud of Golubri |       |       |    12 |     2 ||    14
       Song of Slaying   |       |       |     4 |       ||     4
       Spectral Weapon   |       |       |       |     1 ||     1
Invok: Recall Ancestor   |       |       |     1 |       ||     1
  Use: Potion            |       |       |    10 |       ||    10
       Scroll            |       |       |     8 |       ||     8
  Eat: Chunk             |     2 |     5 |    16 |       ||    23
Armor: Leather armour    |    38 |    23 |    64 |     1 ||   126
Dodge: Dodged            |    76 |    66 |   136 |    11 ||   289
